 Dungeon Crawl Stone Soup version 0.26-a0-651-gb41185065b (webtiles) character file.

Game seed: 14614594370084529077

296 Irenicus the Geomancer (level 6, -10/49 HPs)
             Began as a Deep Dwarf Earth Elementalist on Oct 24, 2020.
             Mangled by an ogre
             ... wielding a +0 giant spiked club
              (26 damage)
             ... on level 4 of the Dungeon.
             The game lasted 00:06:42 (1106 turns).

Irenicus the Geomancer (DDEE)                       Turns: 1106, Time: 00:06:43

Health: -10/49     AC:  3    Str: 11    XL:     6   Next: 12%
Magic:  0/8        EV: 12    Int: 18    God:
Gold:   140        SH:  0    Dex: 13    Spells: 5/8 levels left

rFire    . . .     SeeInvis .   f - +2 dagger (drain)
rCold    . . .     Faith    .   (no shield)
rNeg     . . .     Spirit   .   e - +0 leather armour
rPois    .         Reflect  .   (no helmet)
rElec    .         Harm     .   (no cloak)
rCorr    +         Rampage  .   (no gloves)
MR       .....                  (no boots)
Stlth    +++.......             (no amulet)
HPRegen  0.00/turn              h - ring of stealth {Stlth+}
MPRegen  0.11/turn              l - ring of resist corrosion

@: brilliant, non-regenerating
A: damage resistance, heal wounds, sense surroundings 1, no regeneration
a: Heal Wounds


You were on level 4 of the Dungeon.
You visited 1 branch of the dungeon, and saw 4 of its levels.

You collected 140 gold pieces.

Inventory:

Hand Weapons
 f - a +2 dagger of draining (weapon)
   (You took it off a goblin on level 1 of the Dungeon)
Missiles
 b - 75 stones (quivered)
Armour
 e - a +0 leather armour (worn)
   (You found it on level 1 of the Dungeon)
Jewellery
 h - a ring of stealth (left hand) {Stlth+}
   (You found it on level 1 of the Dungeon)
 l - a ring of resist corrosion (right hand)
   (You found it on level 2 of the Dungeon)
Scrolls
 a - 2 scrolls of teleportation {unknown}
 c - 3 scrolls of identify
 d - a scroll of immolation {!r}
 g - 2 scrolls of enchant armour {unknown}
 i - a scroll of magic mapping {unknown}
 m - a scroll of blinking {unknown}
 n - 3 scrolls of fog {unknown}
Potions
 j - a potion of curing
 k - a potion of mutation {!q}


   Skills:
 - Level 2.1 Dodging
 - Level 2.4 Stealth
 - Level 1.7 Spellcasting
 - Level 0.8 Transmutations
 + Level 9.1 Earth Magic


You had 5 spell levels left.
You knew the following spells:

 Your Spells              Type           Power        Failure   Level
a - Sandblast             Erth           ######       1%          1
w - Passwall              Tmut/Erth      ####....     4%          2

Your spell library contained the following spells:

 Spells                   Type           Power        Failure   Level
 Stone Arrow              Conj/Erth      ####..       11%         3
 Lee's Rapid Deconstruct  Erth           ######....   16%         5
 Petrify                  Tmut/Erth      ####....     30%         4


Dungeon Overview and Level Annotations

Branches:
Dungeon (4/15)
 Temple: D:4-7

Altars:
Vehumet


Innate Abilities, Weirdness & Mutations

You are resistant to damage.
You can heal yourself by infusing magical energy.
You passively map a small area around you.
You do not regenerate.


Message History

* * * LOW HITPOINT WARNING * * *
You take 6 damage, and have 5/42 hp.
Casting: Sandblast (safe; 1% risk of failure)
Confirm with . or Enter, or press ? or * to list all spells.
Aiming: Sandblast (safe; 1% risk of failure)
Press: ? - help, Shift-Dir - straight line, f/p - phantom
Aim: a phantom (almost destroyed)
The blast of sand hits the phantom but does no damage.
The phantom is almost destroyed.
b - 79 stones The phantom hits you.
* * * LOW HITPOINT WARNING * * *
You take 2 damage, and have 3/42 hp.
You now have 2/7 mp.
The howler monkey hoots and howls with incredible vigour!
You hear a bark!
You hear a shout!
Casting: Sandblast (safe; 1% risk of failure)
Confirm with . or Enter, or press ? or * to list all spells.
Aiming: Sandblast (safe; 1% risk of failure)
Press: ? - help, Shift-Dir - straight line, f/p - phantom
Aim: a phantom (almost destroyed)
The blast of sand hits the phantom!
You destroy the phantom!
Your Earth Magic skill increases to level 8!
b - 78 stones You now have 1/7 mp.
It was a potion of brilliance.
You feel clever all of a sudden. The howler monkey barely misses you.
The howler monkey closely misses you.
You feel better.
The howler monkey hits you but does no damage.
The orc wizard casts a spell.
The orc wizard flickers and vanishes!
You regained 9 hp, and now have 12/42 hp.
Casting: Sandblast (safe; 1% risk of failure)
Confirm with . or Enter, or press ? or * to list all spells.
Aiming: Sandblast (safe; 1% risk of failure)
Press: ? - help, Shift-Dir - straight line, f - howler monkey
Aim: a howler monkey
Okay, then.
You barely miss the howler monkey. The howler monkey hits you.
* * * LOW HITPOINT WARNING * * *
You take 1 damage, and have 11/42 hp.
You hit the howler monkey.
The howler monkey is moderately wounded.
The howler monkey barely misses you.
Casting: Sandblast (safe; 1% risk of failure)
Confirm with . or Enter, or press ? or * to list all spells.
Aiming: Sandblast (safe; 1% risk of failure)
Press: ? - help, Shift-Dir - straight line, f - howler monkey
Aim: a howler monkey (moderately wounded)
You feel a surge of power!
The blast of sand hits the howler monkey!!
You kill the howler monkey!
Your Earth Magic skill increases to level 9!
You have reached level 6!
Your experience leads to an increase in your attributes!
Increase (s)trength, (i)ntelligence, or (d)exterity?
You feel clever.
b - 77 stones You regained 2 hp, and now have 13/49 hp.
Casting: Sandblast (safe; 1% risk of failure)
Confirm with . or Enter, or press ? or * to list all spells.
Okay, then.
Casting: Sandblast (safe; 1% risk of failure)
Confirm with . or Enter, or press ? or * to list all spells.
Press: ? - help, Shift-Dir - straight line You feel a surge of power!
The blast of sand hits something!
b - 76 stones You now have 0/8 mp.
Okay, then.
You closely miss something. Something hits you but does no damage.
You closely miss something. Something hits you.
You miss something. Something hits you.
* * * LOW HITPOINT WARNING * * *
You take 1 damage, and have 12/49 hp.
You hit something.
You feel a bit more experienced.
An ogre comes into view. It is wielding a +0 giant spiked club.
Things that are here:
a +0 dagger; a +0 robe; an orc corpse You feel much better.
The ogre hits you with a +0 giant spiked club!
You regained 4 hp, and now have 16/49 hp.
Casting: Sandblast (safe; 1% risk of failure)
Confirm with . or Enter, or press ? or * to list all spells.
Aiming: Sandblast (safe; 1% risk of failure)
Press: ? - help, Shift-Dir - straight line, f - ogre
Aim: an ogre, wielding a +0 giant spiked club You feel a surge of power!
The blast of sand hits the ogre!
The ogre is severely wounded.
b - 75 stones The ogre closely misses you.
You now have 0/8 mp.
You hit the ogre. You drain the ogre.
The ogre is almost dead.
You barely miss the ogre.
The ogre is almost dead.
The ogre hits you with a +0 giant spiked club!!
Ouch! That really hurt!
You die...

,* #....#...#
#.##.#.#.# #.
###.#.## , * #
#..#..#, *
##.###.## *
###..#?#..## ,
####.).##.##...
*###....###...###..
,
.....)...O@.#..$###
,
####....###...###..
, ####...##.##... *
* ###..#)#..## , *
** ##.###.## , ,*
#..#..# * ##.#.## ,
.#.# , *


You could see an ogre (drained).

Vanquished Creatures
  A phantom (D:4)
  A howler monkey (D:4)
  An orc priest (D:3)
  An orc wizard (D:4)
  A howler monkey skeleton (D:3)
  4 adders
  An ooze (D:3)
  A worm (D:3)
  2 dart slugs
  3 leopard geckos
  5 orcs (D:3)
  8 giant cockroaches
  2 hobgoblins (D:3)
  A quokka (D:2)
  A ball python (D:3)
  5 bats
  A frilled lizard (D:2)
  4 goblins (D:1)
  8 kobolds
  6 rats
57 creatures vanquished.

Notes
Turn   | Place    | Note
-------+----------+-------------------------------------------
     0 | D:1      | Irenicus the Deep Dwarf Earth Elementalist began the quest
                  | for the Orb.
     0 | D:1      | Reached XP level 1. HP: 15/15 MP: 3/3
   147 | D:1      | Reached XP level 2. HP: 22/22 MP: 2/4
   200 | D:1      | Reached skill level 5 in Earth Magic
   277 | D:1      | Learned a level 2 spell: Passwall
   522 | D:2      | Reached XP level 3. HP: 21/28 MP: 0/5
   635 | D:2      | Reached skill level 6 in Earth Magic
   710 | D:2      | Found a radiant altar of Vehumet.
   775 | D:3      | HP: 7/28 [ooze (2)]
   782 | D:3      | HP: 3/28 [adder (3)]
   784 | D:3      | Reached XP level 4. HP: 4/36 MP: 0/6
   831 | D:3      | Reached skill level 7 in Earth Magic
   933 | D:3      | Reached XP level 5. HP: 14/42 MP: 0/7
  1076 | D:4      | Noticed a phantom
  1083 | D:4      | HP: 5/42 [phantom (6)]
  1086 | D:4      | Killed a phantom
  1086 | D:4      | Reached skill level 8 in Earth Magic
  1092 | D:4      | Reached skill level 9 in Earth Magic
  1092 | D:4      | Reached XP level 6. HP: 13/49 MP: 0/8
  1096 | D:4      | HP: 12/49 [something (1)]
  1106 | D:4      | Mangled by an ogre

Illustrated notes

Levels and vault maps discovered:
D:1:      sevenhm_arrival_forest_fort_small_3, layout_basic,
          serial_park_tiny_pond, corexii_leaking_fountain
D:2:      layout_rooms, vehumet_crystals
D:3:      layout_basic, grunt_ministairs_11
D:4:      minmay_general_purpose_star, layout_loops_corners,
          nicolae_tso_swordbearing_angel, serial_shops, shop, shop_coins, shop,
          nicolae_shop_waterfront, nicolae_shop_trees, minivault_5

Skill      XL: |  1  2  3  4  5 |
---------------+----------------+-----
Earth Magic    | 5 6 7 9 |  9.1
Dodging        | |  2.1
Stealth        | |  2.4
Spellcasting   | |  1.7
Transmutations | |  0.8

Action                   |  1- 3 |  4- 6 || total
-------------------------+-------+-------++-------
Melee: Dagger            |    19 |    16 ||    35
 Cast: Sandblast         |    34 |    27 ||    61
       Passwall          |     8 |     3 ||    11
 Abil: Heal Wounds       |       |     1 ||     1
  Use: Scroll            |     1 |     1 ||     2
       Potion            |       |     3 ||     3
 Stab: Sleeping          |     1 |     1 ||     2
Armor: Leather armour    |     8 |     2 ||    10
Dodge: Dodged            |    26 |     9 ||    35

Table legend: (Time is in decaauts)
 A = Elapsed time spent in this place.
 B = Non-inter-level travel time spent in this place.
 C = Inter-level travel time spent in this place.
 D = Time resting spent in this place.
 E = Time spent auto-exploring this place.
 F = Levels seen in this place.
 G = Mean time per level.
                   A        B        C        D        E       F      G
               +--------+--------+--------+--------+--------+-----+--------+
         Total |   1104 |   1104 |      0 |      0 |      0 |   4 |  276.0 |
       Dungeon |   1104 |   1104 |      0 |      0 |      0 |   4 |  276.0 |
               +--------+--------+--------+--------+--------+-----+--------+

Top non-repeatable levels by time:
     D:1: 502 daAuts
     D:3: 318 daAuts
     D:2: 232 daAuts
     D:4: 50 daAuts

Table legend:
 A = Kills in this place as a percentage of kills in entire the game.
 B = Kills by you in this place as a percentage of kills by you in the entire game.
 C = Kills by friends in this place as a percentage of kills by friends in the entire game.
 D = Other kills in this place as a percentage of other kills in the entire game.
 E = Experience gained in this place as a percentage of experience gained in the entire game.
 F = Experience gained in this place divided by the number of levels of this place that you have seen.
                   A       B       C       D       E      F
               +-------+-------+-------+-------+-------+----------------------
         Total | 100.0 | 100.0 |   N/A |   N/A | 100.0 | 105.8
       Dungeon | 100.0 | 100.0 |   N/A |   N/A | 100.0 | 105.8
               +-------+-------+-------+-------+-------+----------------------
